 Dungeon Crawl Stone Soup version 0.31.0-2-g5a2aebc5c2 (webtiles) character file.

Game seed: 835757510483414044

44550 Armakuni the Severer (level 13, -14/113 HPs)
             Began as a Minotaur Fighter on Jan 20, 2024.
             Was an Initiate of Gozag.
             Killed from afar by a fire dragon (48 damage)
             ... with a blast of flame
             ... on level 5 of the Lair of Beasts on Jan 21, 2024.
             The game lasted 00:32:48 (16269 turns).

Armakuni the Severer (Minotaur Fighter)            Turns: 16269, Time: 00:32:49

Health: -14/113    AC: 15    Str: 22    XL:     13   Next: 96%
Magic:  12/12      EV: 35    Int:  9    God:    Gozag
Gold:   2387       SH:  5    Dex: 10    Spells: 12/12 levels left

rFire   . . .        a - +1 war axe (heavy)
rCold   . . .        c - +0 buckler
rNeg    . . .        C - +0 scale mail {Will+}
rPois   +            U - +2 hat {SInv}
rElec   .            u - +1 cloak of Starlight {*Dazzle EV+4 Stlth--}
rCorr   .            K - +0 pair of gloves
SInv    +            (no boots)
Will    +....        A - amulet of the acrobat Stlth
                     P - ring of poison resistance
HPRegen 0.38/turn    E - +5 ring of evasion
MPRegen 0.13/turn

%: acrobat
@: acrobatic
A: horns 2, retaliatory headbutt
a: Renounce Religion, Potion Petition, Call Merchant, Bribe Branch


You were on level 5 of the Lair of Beasts.
You worshipped Gozag.
Gozag was most pleased with you.
You visited 2 branches of the dungeon, and saw 15 of its levels.

You collected 4363 gold pieces.
You spent 842 gold pieces at shops.
You paid 1134 gold pieces to Gozag.

Inventory:

Hand Weapons
 a - a +1 heavy war axe (weapon)
Missiles
 i - 14 javelins
 t - a throwing net
 I - 6 boomerangs (quivered)
Armour
 c - a +0 buckler (worn)
 u - the +1 cloak of Starlight (worn) {*Dazzle EV+4 Stlth--}
   (You bought it in a shop on level 7 of the Dungeon)

   *Dazzle:   It may blind those who miss an attack against the wearer in melee
   combat.
   EV+4:      It affects your evasion (+4).
   Stlth--:   It makes you much less stealthy.
 C - a +0 scale mail of willpower (worn)
 K - a +0 pair of gloves (worn)
 U - a +2 hat of see invisible (worn)
Jewellery
 A - an amulet of the acrobat (around neck)
 E - a +5 ring of evasion (right hand)
 F - a ring of protection from fire
 J - a ring of protection from cold
 L - a ring of flight
 P - a ring of poison resistance (left hand)
Wands
 h - a wand of acid (9)
 p - a wand of polymorph (9)
Scrolls
 b - a scroll of butterflies
 j - 2 scrolls of amnesia
 k - 2 scrolls of fog
 l - a scroll of brand weapon
 m - a scroll of vulnerability
 n - 10 scrolls of noise
 r - a scroll of enchant armour
 v - 2 scrolls of poison
 x - 2 scrolls of teleportation
 y - 3 scrolls of torment
 z - 4 scrolls of immolation
 O - a scroll of blinking
 S - a scroll of revelation
Potions
 d - 3 potions of might
 e - 5 potions of enlightenment
 f - 2 potions of invisibility {unknown}
 g - a potion of berserk rage {unknown}
 q - 7 potions of attraction
 s - a potion of haste {unknown}
 w - 3 potions of magic {unknown}
 B - a potion of mutation {unknown}
 D - 5 potions of curing
 G - 2 potions of lignification
 H - a potion of resistance {unknown}
 M - 4 potions of brilliance {unknown}
 T - a potion of heal wounds {unknown}


   Skills:
 - Level 10.0 Fighting
 - Level 20.0 Axes
 - Level 10.0 Throwing
 + Level 11.8 Armour
 - Level 4.0 Dodging
 - Level 7.0 Shields
 - Level 5.0 Evocations


You had 12 spell levels left.
You didn't know any spells.
Your spell library contained the following spells:

 Spells                   Type           Power      Damage    Failure   Level
 Apportation              Tloc           0%         N/A       71%         1
 Necrotise                Necr           0%         1d4       71%         1
 Sting                    Conj/Alch      0%         1d3       71%         1
 Summon Small Mammal      Summ           0%         N/A       71%         1
 Mercury Vapours          Alch/Air       0%         N/A       83%         2
 Dazzling Flash           Conj/Hex       0%         N/A       97%         3
 Inner Flame              Hex/Fire       0%         N/A       97%         3
 Mephitic Cloud           Conj/Alch/Air  0%         N/A       97%         3
 Ozocubu's Armour         Ice            0%         N/A       97%         3
 Volatile Blastmotes      Fire/Tloc      0%         2d10      97%         3
 Flame Wave               Conj/Fire      0%         2d4       100%        4
 Olgreb's Toxic Radiance  Alch           0%         N/A       100%        4
 Sticky Flame             Fire/Alch      0%         2d4       100%        4
 Summon Blazeheart Golem  Fire/Summ      0%         N/A       100%        4
 Freezing Cloud           Conj/Ice/Air   0%         6-21      100%        5
 Metabolic Englaciation   Hex/Ice        0%         N/A       100%        5
 Sculpt Simulacrum        Ice/Alch       0%         N/A       100%        6
 Starburst                Conj/Fire      0%         6d3       100%        6
 Orb of Destruction       Conj           0%         9d5       100%        7
 Spellforged Servitor     Conj/Summ      0%         N/A       100%        7
 Maxwell's Capacitive Co  Air            0%         ∞         100%        8


Dungeon Overview and Level Annotations

Branches:
Dungeon (10/15)            Temple (0/1) D:4            Lair (5/5) D:10
  Swamp (0/4) Lair:2       Spider (0/4) Lair:3        Slime (0/5) Lair:5
    Orc: D:9-12

Altars:
Elyvilon
Fedhas
Gozag
Hepliaklqana
Kikubaaqudgha
Makhleb
Nemelex Xobeh
Qazlal
Sif Muna
Trog
Vehumet
Wu Jian
Zin

Shops:
D:6 *   D:7 ![   Lair:1 [

Portals:
Trove: D:10 (give +4 storm dragon scales)

Annotations:
D:9 2 transporters, Suckerboh's ghost, novice DECj
Lair:2 2 transporters


Innate Abilities, Weirdness & Mutations

You have a pair of horns on your head.
You reflexively headbutt those who attack you in melee.


Message History

The tyrant leech completely misses you.
You carve the hornet like a ham!!!
You kill the hornet!
You miss the tyrant leech. You hit the tyrant leech.
You slice the torpor snail!! The tyrant leech closely misses you.
You furiously retaliate!
You headbutt the tyrant leech. The torpor snail barely misses you.
You block the tyrant leech's attack.
You open the torpor snail like a pillowcase!!!
You kill the torpor snail!
You closely miss the tyrant leech. You hit the tyrant leech.
You feel yourself speed up. The tyrant leech bites you!
The tyrant leech draws strength from your injuries!
You block the tyrant leech's attack. The tyrant leech bites you.
The tyrant leech draws strength from your injuries!
You slice the tyrant leech!!
The tyrant leech is heavily wounded.
You miss the tyrant leech. The tyrant leech misses you.
You closely miss the tyrant leech.
The tyrant leech is heavily wounded.
You hit the tyrant leech. The tyrant leech bites you!!
The tyrant leech draws strength from your injuries!
The tyrant leech bites you!
The tyrant leech draws strength from your injuries!
You are too injured to fight recklessly!
You are too injured to fight recklessly!
You are too injured to fight recklessly!
You closely miss the tyrant leech. The tyrant leech bites you.
* * * LOW HITPOINT WARNING * * *
The tyrant leech draws strength from your injuries!
As you read the scroll of teleportation, it crumbles to dust.
You feel strangely unstable. You block the tyrant leech's attack.
Your surroundings suddenly seem different.
A fire dragon comes into view.
Found 213 gold pieces.
The fire dragon roars deafeningly!
The fire dragon breathes flames at you. The blast of flame hits you!!!
You die...
Your body crumbles into a pile of gold.

#..........##
.....####..)#
..#### ###..##
.### #.....##
...### #.=.=##$#
.....#.##==⌠##$$##
.......######$$$$#
#w$...... #$$$$#
..$####.. #$$$@#
..#.# ##..## .####
#D# # #. #


You could see a fire dragon (catching breath).

Vanquished Creatures
  Rupert (Lair:5)
  Snorg (Lair:5)
  Fannar (D:10)
  2 hydras
  2 catoblepae
  6 death yaks
  Urug (Lair:5)
  A skyshark (Lair:5)
  2 spriggan druids (Lair:2)
  2 lindwurms (Lair:5)
  An oklob plant (Lair:4)
  2 black mambas
  14 elephants
  7 torpor snails
  8 cane toads
  7 komodo dragons
  6 rime drakes
  A kobold demonologist (D:10)
  2 tyrant leeches (Lair:5)
  A troll (D:10)
  6 hornets
  3 polar bears
  11 blink frogs
  4 dream sheep (Lair:3)
  2 wyverns
  A wraith (D:9)
  46 yaks
  A basilisk (Lair:1)
  A vampire (D:9)
  A steam dragon (Lair:3)
  5 swamp worms (Lair:2)
  13 water moccasins
  An ice beast (D:8)
  An orc warrior (D:9)
  3 black bears
  An ogre (D:5)
  5 centaurs
  15 wolves
  2 kobold brigands
  12 bullfrogs
  A gnoll sergeant (D:10)
  3 scorpions
  3 howler monkeys
  14 jellies
  4 hounds
  Crazy Yiuf (D:4)
  8 orc priests
  2 gnoll boudas
  A sleepcap (D:4)
  3 iguanas
  7 orc wizards
  Ijyb (D:2)
  Robin (D:3)
  18 gnolls
  11 adders
  2 white imps
  3 dart slugs
  5 ribbon worms
  33 orcs
  12 endoplasms
  3 giant cockroaches
  10 goblins
  6 hobgoblins
  6 jackals
  2 quokkas
  7 ball pythons
  3 bats
  2 frilled lizards
  19 kobolds
  9 rats
402 creatures vanquished.

Notes
Turn   | Place    | Note
-------+----------+-------------------------------------------
     0 | D:1      | Armakuni the Minotaur Fighter began the quest for the Orb.
     0 | D:1      | Reached XP level 1. HP: 19/19 MP: 0/0
    81 | D:1      | Reached XP level 2. HP: 27/27 MP: 1/1
   100 | D:1      | Reached skill level 3 in Axes
   370 | D:1      | Reached XP level 3. HP: 32/34 MP: 2/2
   613 | D:2      | Found a shimmering blue altar of Sif Muna.
   758 | D:2      | Found a faded altar of an unknown god.
   770 | D:2      | Reached skill level 4 in Axes
   869 | D:2      | Prayed at the altar of an unknown god.
   869 | D:2      | Became a worshipper of Gozag Ym Sagoz the Greedy
  1063 | D:2      | Reached XP level 4. HP: 39/41 MP: 3/3
  1198 | D:2      | Reached skill level 5 in Axes
  1419 | D:3      | Reached XP level 5. HP: 45/47 MP: 4/4
  1429 | D:3      | Reached skill level 6 in Axes
  1480 | D:3      | Found a stormy altar of Qazlal.
  1514 | D:3      | Found a bloodstained altar of Trog.
  1522 | D:3      | Found a hazy altar of Hepliaklqana.
  1586 | D:3      | Noticed Ijyb
  1586 | D:3      | Noticed Robin
  1620 | D:2      | Killed Ijyb
  1636 | D:3      | Killed Robin
  1940 | D:4      | Reached skill level 7 in Axes
  1940 | D:4      | Reached XP level 6. HP: 44/55 MP: 5/5
  2378 | D:4      | Reached skill level 8 in Axes
  2561 | D:4      | Found an opulent altar of Gozag.
  2564 | D:4      | Found a burning altar of Makhleb.
  2565 | D:4      | Found a white marble altar of Elyvilon.
  2565 | D:4      | Found a blossoming altar of Fedhas.
  2565 | D:4      | Found a glowing silver altar of Zin.
  2568 | D:4      | Found an ornate altar of the Wu Jian Council.
  2709 | D:4      | Found a staircase to the Ecumenical Temple.
  2750 | D:4      | Found a runed translucent door.
  2751 | D:4      | Noticed Crazy Yiuf
  2756 | D:4      | Killed Crazy Yiuf
  3001 | D:5      | Entered Level 5 of the Dungeon
  3009 | D:5      | Reached XP level 7. HP: 53/60 MP: 6/6
  3125 | D:5      | Reached skill level 9 in Axes
  3243 | D:5      | Found a sparkling altar of Nemelex Xobeh.
  3410 | D:5      | Reached skill level 10 in Axes
  3716 | D:5      | Reached skill level 11 in Axes
  3716 | D:5      | Reached XP level 8. HP: 63/67 MP: 7/7
  3904 | D:6      | Found Laohiz's Mayhem Merchandise.
  4342 | D:6      | Found an ancient bone altar of Kikubaaqudgha.
  4408 | D:7      | Reached skill level 12 in Axes
  4470 | D:7      | Bought the +1 cloak of Starlight {*Dazzle EV+4 Stlth--} for
                  | 396 gold pieces
  4470 | D:7      | Found the +1 cloak of Starlight {*Dazzle EV+4 Stlth--}
  4680 | D:7      | Found Weibbe's Distillery.
  4689 | D:7      | Bought a potion of curing for 36 gold pieces
  4689 | D:7      | Bought a potion of enlightenment for 60 gold pieces
  4689 | D:7      | Bought a potion of lignification for 36 gold pieces
  4689 | D:7      | Bought a potion of might for 48 gold pieces
  5339 | D:8      | Reached skill level 13 in Axes
  5715 | D:8      | Reached XP level 9. HP: 67/73 MP: 8/8
  5959 | D:8      | Reached skill level 14 in Axes
  6124 | D:9      | Noticed a queen bee
  6125 | D:9      | Noticed a meliai
  6150 | D:9      | Found a transporter.
  6162 | D:9      | Noticed Suckerboh's ghost (novice DECj)
  6588 | D:9      | Found a transporter.
  6607 | D:9      | Identified the +9 flail "Ceekyg" {flame, rC+ rCorr Str-3}
  6634 | D:9      | Reached skill level 15 in Axes
  7089 | D:10     | Entered Level 10 of the Dungeon
  7133 | D:10     | Noticed Fannar
  7139 | D:10     | Reached skill level 16 in Axes
  7144 | D:10     | Killed Fannar
  7145 | D:10     | Reached XP level 10. HP: 44/86 MP: 9/9
  7566 | D:10     | Found a staircase to the Lair.
  7741 | D:10     | Found a portal to a secret trove of treasure.
  8059 | Lair:1   | Entered Level 1 of the Lair of Beasts
  8075 | Lair:1   | Reached skill level 10 in Fighting
  8075 | Lair:1   | Reached skill level 1 in Dodging
  8130 | Lair:1   | Noticed a cane toad
  8136 | Lair:1   | Killed a cane toad
  8145 | Lair:1   | Reached skill level 5 in Armour
  8320 | Lair:1   | Noticed a cane toad
  8328 | Lair:1   | Killed a cane toad
  8496 | Lair:1   | Bought a runed scale mail for 266 gold pieces
  8600 | Lair:1   | Reached XP level 11. HP: 66/99 MP: 10/10
  9035 | Lair:1   | Noticed a catoblepas
  9050 | Lair:1   | Killed a catoblepas
  9051 | Lair:1   | Reached skill level 10 in Armour
 10177 | Lair:2   | Noticed a spriggan druid
 10178 | Lair:2   | Noticed a spriggan druid
 10179 | Lair:2   | Found a staircase to the Swamp.
 10190 | Lair:2   | Noticed a death yak
 10193 | Lair:2   | Found a transporter.
 10422 | Lair:2   | Reached skill level 5 in Throwing
 10532 | Lair:2   | You fall into a shaft and drop 1 floor!
 10834 | Lair:3   | Reached XP level 12. HP: 73/106 MP: 11/11
 10975 | Lair:3   | Noticed a death yak
 10976 | Lair:3   | Noticed a death yak
 10977 | Lair:3   | Noticed a death yak
 10978 | Lair:3   | Noticed a death yak
 10999 | Lair:3   | Killed a death yak
 11007 | Lair:3   | Killed a death yak
 11009 | Lair:3   | Killed a death yak
 11014 | Lair:3   | Killed a death yak
 11236 | Lair:3   | Noticed an eight-headed hydra
 11242 | Lair:3   | Killed an eight-headed hydra
 11243 | Lair:3   | Reached skill level 10 in Throwing
 11276 | Lair:3   | Reached skill level 5 in Shields
 11385 | Lair:2   | Killed a death yak
 11386 | Lair:2   | Noticed a death yak
 11396 | Lair:2   | Killed a death yak
 11565 | Lair:2   | Found a radiant altar of Vehumet.
 11672 | Lair:2   | Found a transporter.
 11898 | Lair:2   | Reached skill level 17 in Axes
 12820 | Lair:3   | Found a hole to the Spider Nest.
 12882 | Lair:3   | Reached skill level 18 in Axes
 13237 | Lair:4   | Noticed an eight-headed hydra
 13319 | Lair:4   | Reached XP level 13. HP: 113/113 MP: 12/12
 13420 | Lair:4   | Identified the +2 hand axe "Grim Tooth" {heavy, Int+3}
 13604 | Lair:4   | Reached skill level 19 in Axes
 13645 | Lair:4   | Found an ancient bone altar of Kikubaaqudgha.
 14232 | Lair:5   | Entered Level 5 of the Lair of Beasts
 14363 | Lair:5   | Noticed Rupert
 14385 | Lair:5   | Killed Rupert
 14386 | Lair:5   | Reached skill level 20 in Axes
 14688 | Lair:5   | Reached skill level 1 in Evocations
 14717 | Lair:5   | Noticed Urug
 14737 | Lair:5   | Killed Urug
 15220 | Lair:5   | Paralysed by a hornet for 2 turns
 15436 | Lair:5   | Found a staircase to the Slime Pits.
 15498 | Lair:5   | Reached skill level 5 in Evocations
 15872 | Lair:5   | Noticed Snorg
 15877 | Lair:5   | Killed Snorg
 16244 | Lair:5   | Paralysed by a hornet for 2 turns
 16269 | Lair:5   | Noticed a fire dragon
 16269 | Lair:5   | Killed from afar by a fire dragon

Illustrated notes

Levels and vault maps discovered:
D:1:      minmay_arrival_stone_box, layout_rooms, minmay_tromino_v4_b
D:2:      layout_loops_corners, basic_altar, serial_glass, glass_columns_a,
          glass_columns_b, shapermc_ecumenical_altar_pompeii
D:3:      layout_rooms, grunt_temple_overflow_open, nicolae_goblin_pals
D:4:      layout_basic, minitemple, minmay_temple_entry_metal_lava,
          minmay_misc_feat_cross, uniq_crazy_yiuf_cottage
D:5:      layout_basic, kennysheep_mini, kennysheep_generic_room_9
D:6:      layout_basic, mainiacjoe_overflow_alcove_2, minmay_shop_mayhem
D:7:      layout_loops_ring, serial_shops, shop
D:8:      layout_loops_ring
D:9:      layout_long_grid, gammafunk_ghost_hive
D:10:     layout_basic, lair_entry_dummy, enter_trove_6, uniq_fannar
Lair:1:   layout_cave_pods
Lair:2:   gammafunk_worm_tunnel, layout_regular_city,
          mainiacjoe_swamp_entry_angry_trees, lemuel_centaur_altar
Lair:3:   layout_hall_layers, dummy_spider_entry, infiniplex_staircase_pool_2
Lair:4:   layout_loops_ring, lemuel_oklob_altar
Lair:5:   wormcave, layout_loops_ring, hangedman_lair_in_review,
          minmay_slime_entry_jelly_boxes, chequers_serial_rivers_large_b,
          uniq_urug, uniq_snorg, uniq_rupert

Skill      XL: |  1  2  3  4  5  6  7  8  9 10 11 12 13 |
---------------+----------------------------------------+-----
Fighting       | 4 7 10 | 10.0
Axes           | 3 4 5 7 8 11 13 16 18 20 | 20.0
Dodging        | 4 |  4.0
Armour         | 7 10 11 | 11.8
Throwing       | 8 10 | 10.0
Shields        | 7 |  7.0
Evocations     | 5 |  5.0

Action                     |  1- 3 |  4- 6 |  7- 9 | 10-12 | 13-15 || total
---------------------------+-------+-------+-------+-------+-------++-------
  Melee: War axe           |    68 |   112 |   175 |   315 |   228 ||   898
         Headbutt          |     7 |    17 |    24 |    64 |    50 ||   162
         Unarmed           |       |     8 |       |       |       ||     8
  Throw: Boomerang         |       |       |       |     9 |    16 ||    25
         Javelin           |       |       |       |     3 |       ||     3
 Invoke: Call Merchant     |       |       |     1 |     1 |       ||     2
  Evoke: Wand              |       |       |       |     2 |       ||     2
    Use: Scroll            |     4 |     3 |     3 |     7 |     8 ||    25
         Potion            |       |       |       |       |     1 ||     1
   Stab: Invisible         |       |       |     3 |    11 |     8 ||    22
         Petrified         |       |       |       |     5 |       ||     5
         Distracted        |       |       |       |     1 |     1 ||     2
 Armour: Scale mail        |    41 |    69 |   111 |   157 |   114 ||   492
         Skin              |       |     7 |       |       |       ||     7
  Dodge: Dodged            |    42 |    86 |   108 |   332 |   183 ||   751
  Block: Buckler           |    16 |    32 |    34 |    86 |    52 ||   220
